 Dungeon Crawl Stone Soup version 0.31-a0-187-gba352fbbf7 (webtiles) character file.

Game seed: 14124204507663925847

6790 runemasterragnar the Carver (level 11, -1/74 HPs)
             Began as an Octopode Fighter on June 22, 2023.
             Was an Elder of Dithmenos.
             Killed by vampiric draining
             ... invoked by a vampire
              (16 damage)
             ... on level 11 of the Dungeon.
             The game lasted 00:17:38 (10354 turns).

runemasterragnar the Carver (Octopode Fighter)     Turns: 10354, Time: 00:17:39

Health: -1/74      AC:  5    Str: 15    XL:     11   Next: 5%
Magic:  14/14      EV: 15    Int: 15    God:    Dithmenos [****..]
Gold:   809        SH: 10    Dex: 12    Spells: 8/10 levels left

rFire   . . .        N - +1 long sword (holy)
rCold   . . .        b - +0 buckler
rNeg    . . .        (helmet restricted)
rPois   .            e - amulet of reflection
rElec   .            l - +4 ring of protection
rCorr   .            A - ring of see invisible
SInv    +            (no ring)
Will    .....        (no ring)
Stlth   +++++++      (no ring)
HPRegen 0.32/turn    (no ring)
MPRegen 0.14/turn    (no ring)
                     (no ring)

%: reflection
@: wreathed by umbra
A: almost no armour, amphibious, 8 rings, camouflage 1, gelatinous body 1,
(nimble swimmer 1), tentacles
a: Renounce Religion, Shadow Step


You were on level 11 of the Dungeon.
You worshipped Dithmenos.
Dithmenos was greatly pleased with you.
You visited 1 branch of the dungeon, and saw 11 of its levels.
You also visited: Sewer and Bailey.

You collected 809 gold pieces.

Inventory:

Hand Weapons
 o - a +0 long sword of protection
 s - a +2 dagger of venom
 N - a +1 long sword of holy wrath (weapon)
 S - a +0 long sword of freezing
Missiles
 C - 17 boomerangs
 E - 12 curare-tipped darts
 F - 8 atropa-tipped darts
 I - 12 poisoned darts (quivered)
 T - 2 throwing nets
Armour
 b - a +0 buckler (worn)
Jewellery
 e - an amulet of reflection (around mantle)
 h - a ring of flight
 i - a ring of ice
 l - a +4 ring of protection (left tentacle)
 n - a +6 ring of intelligence
 u - a ring of positive energy
 A - a ring of see invisible (right tentacle)
Wands
 q - a wand of digging (2)
 y - a wand of polymorph (11)
 G - a wand of iceblast (6)
 K - a wand of paralysis (15)
Scrolls
 g - 2 scrolls of torment
 j - 2 scrolls of vulnerability
 k - a scroll of blinking {unknown}
 m - 7 scrolls of teleportation
 p - a scroll of brand weapon
 t - a scroll of fog {unknown}
 w - 2 scrolls of revelation
 x - a scroll of enchant armour {unknown}
 H - a scroll of silence {unknown}
 P - a scroll of noise {unknown}
 R - a scroll of enchant weapon {unknown}
Potions
 a - a potion of brilliance
 c - 2 potions of might
 d - a potion of haste
 f - 2 potions of ambrosia
 r - a potion of degeneration
 v - 3 potions of mutation
 z - 4 potions of attraction
 B - a potion of lignification
 D - a potion of berserk rage
 J - a potion of enlightenment {unknown}
 L - a potion of resistance
 M - 2 potions of heal wounds
 O - 3 potions of curing
 Q - a potion of invisibility
 U - 2 potions of magic


   Skills:
 + Level 6.8 Fighting
 * Level 8.8 Long Blades
 + Level 6.8 Dodging
 + Level 8.5 Stealth
 + Level 6.6 Shields
 + Level 5.7 Unarmed Combat
 - Level 4.7 Invocations


You had 8 spell levels left.
You knew the following spells:

 Your Spells              Type           Power      Damage    Failure   Level
a - Blink                 Tloc           0%         N/A       45%         2

Your spell library contained the following spells:

 Spells                   Type           Power      Damage    Failure   Level
 Sublimation of Blood     Necr           0%         N/A       45%         2
 Gell's Gravitas          Tloc           0%         N/A       71%         3
 Ignite Poison            Fire/Tmut/Pois 0%         N/A       71%         3
 Manifold Assault         Tloc           0%         N/A       98%         4
 Petrify                  Tmut/Erth      0%         N/A       98%         4
 Irradiate                Conj/Tmut      0%         3d11      100%        5
 Summon Forest            Summ/Tloc      0%         N/A       100%        5
 Storm Form               Tmut/Air       0%         N/A       100%        7


Dungeon Overview and Level Annotations

Branches:
Dungeon (11/15)            Temple (0/1) D:4            Lair (0/5) D:9
  Sewer (visited)          Bailey (visited)
    Orc: D:9-12

Altars:
Ashenzari
Cheibriados
Dithmenos
Fedhas
Gozag
Kikubaaqudgha
Makhleb
Okawaru
Ru
Sif Muna
Trog
Vehumet
Yredelemnul
Zin


Innate Abilities, Weirdness & Mutations

You cannot wear most types of armour.
You are amphibious.
You can wear up to eight rings at the same time.
Your skin changes colour to match your surroundings (Stealth+).
Your rubbery body absorbs attacks. (AC +1, EV +1)
((You are camouflaged when in or above water. (Stealth+)))
You have tentacles for arms and can constrict up to eight enemies at once.


Message History

You squeeze the vampire.
The vampire is lightly damaged.
You constrict the vampire, but do no damage.
The vampire barely misses you. The vampire closely misses you.
You slash the vampire!
The vampire convulses!
You squeeze the vampire, but do no damage.
The vampire is severely damaged.
You constrict the vampire, but do no damage.
The vampire closely misses you. The vampire barely misses you.
You completely miss the vampire. Your squeeze misses the vampire.
The vampire is severely damaged.
You constrict the vampire. The vampire closely misses you.
The vampire bites you but does no damage.
You hit the vampire.
The vampire convulses.
The vampire is severely damaged.
Your shadow hits the vampire but does no damage.
You constrict the vampire, but do no damage.
The vampire draws life force from you.
The vampire is healed by the life force!
You hit the vampire.
The vampire convulses.
You squeeze the vampire, but do no damage.
The vampire is almost destroyed.
You constrict the vampire, but do no damage.
The vampire draws life force from you!
The vampire is healed by the life force!
You hit the vampire but do no damage.
The vampire is severely damaged.
You constrict the vampire, but do no damage.
The vampire draws life force from you!
* * * LOW HITPOINT WARNING * * *
The vampire is healed by the life force!
You hit the vampire but do no damage. You tentacle-slap the vampire.
The vampire is heavily damaged.
You constrict the vampire, but do no damage.
The vampire barely misses you. You block the vampire's attack.
You hit the vampire.
The vampire convulses.
You squeeze the vampire, but do no damage.
The vampire is severely damaged.
You constrict the vampire. The vampire draws life force from you!
You die...

###.####
#....##
######..##
..........#
########..#
#..# #..#
##.###.#
#.@...#
#V.####
####


You could see a vampire.

Vanquished Creatures
  A komodo dragon (D:9)
  Sigmund (D:4)
  2 wyverns (D:9)
  8 yaks
  2 steam dragons
  A basilisk (D:9)
  3 vampire mosquitoes (D:11)
  An acid dragon (D:9)
  2 water moccasins
  Duvessa (D:4)
  6 orc warriors
  2 black bears (D:7)
  An ogre (D:6)
  2 centaurs (D:10)
  A phantom (D:7)
  8 kobold brigands
  2 bullfrogs
  A gnoll sergeant (D:8)
  A water moccasin zombie (D:3)
  7 wights
  Dowan (D:4)
  4 killer bees (D:8)
  5 howler monkeys
  5 orc priests
  6 hounds
  A jelly (D:5)
  4 sleepcaps
  Terence (D:2)
  3 iguanas
  7 orc wizards
  Ijyb (D:4)
  A hound zombie (D:3)
  7 gnolls
  3 river rats (D:6)
  13 adders
  3 white imps
  An ufetubus (D:5)
  4 worms
  3 dart slugs
  18 orcs
  9 bats
  An endoplasm (D:2)
  4 giant cockroaches
  16 goblins
  10 hobgoblins
  13 jackals
  3 quokkas
  9 ball pythons
  A ball python zombie (D:3)
  4 frilled lizards
  26 kobolds
  A quokka zombie (D:3)
  7 rats
248 creatures vanquished.

Notes
Turn   | Place    | Note
-------+----------+-------------------------------------------
     0 | D:1      | runemasterragnar the Octopode Fighter began the quest for
                  | the Orb.
     0 | D:1      | Reached XP level 1. HP: 16/16 MP: 1/1
    53 | D:1      | Reached XP level 2. HP: 16/21 MP: 2/2
   352 | D:1      | Reached skill level 1 in Stealth
   410 | D:2      | Reached XP level 3. HP: 6/26 MP: 3/3
   548 | D:2      | Noticed Terence
   555 | D:2      | Killed Terence
   716 | D:2      | Reached skill level 1 in Unarmed Combat
   762 | D:2      | Reached XP level 4. HP: 31/31 MP: 4/4
  1406 | D:3      | Found a faded altar of an unknown god.
  1447 | D:3      | Found a shadowy altar of Dithmenos.
  1462 | D:3      | Reached XP level 5. HP: 36/36 MP: 5/5
  1532 | D:3      | Became a worshipper of Dithmenos the Shadowed
  1578 | D:3      | Found a basalt altar of Yredelemnul.
  1993 | D:3      | Found a glowing silver altar of Zin.
  2017 | D:3      | Found a blossoming altar of Fedhas.
  2107 | D:4      | Found a staircase to the Ecumenical Temple.
  2113 | D:4      | Noticed Duvessa
  2116 | D:4      | Noticed Dowan
  2117 | D:4      | Noticed Ijyb
  2137 | D:4      | Killed Duvessa
  2138 | D:4      | Reached skill level 1 in Invocations
  2138 | D:4      | Reached XP level 6. HP: 23/43 MP: 6/6
  2140 | D:4      | Killed Dowan
  2152 | D:4      | Killed Ijyb
  2445 | D:4      | Reached * piety under Dithmenos
  2789 | D:4      | You fall into a shaft and drop 3 floors!
  2849 | D:7      | Noticed a black bear
  2852 | D:7      | Noticed a water moccasin
  2858 | D:7      | Reached XP level 7. HP: 47/47 MP: 8/8
  2890 | D:7      | Noticed a steam dragon
  2903 | D:5      | Entered Level 5 of the Dungeon
  2996 | D:6      | Found a glowing drain.
  3023 | Sewer    | Entered a sewer
  3524 | D:6      | Reached ** piety under Dithmenos
  3525 | D:6      | Reached XP level 8. HP: 54/54 MP: 9/9
  3581 | D:6      | Reached skill level 5 in Long Blades
  3914 | D:4      | Noticed Sigmund
  3923 | D:4      | Killed Sigmund
  4115 | D:5      | Found a snail-covered altar of Cheibriados.
  4169 | D:5      | Reached skill level 5 in Stealth
  4834 | D:6      | Reached skill level 5 in Dodging
  4975 | D:6      | Found an opulent altar of Gozag.
  5279 | D:7      | Reached skill level 5 in Fighting
  5279 | D:7      | Reached XP level 9. HP: 26/61 MP: 11/11
  5524 | D:7      | Upgraded the game from 0.31-a0-182-gc5ef74bbde to
                  | 0.31-a0-187-gba352fbbf7
  5814 | D:7      | Reached skill level 5 in Shields
  6206 | D:8      | Found a flagged portal.
  6214 | D:8      | Reached *** piety under Dithmenos
  6233 | Bailey   | Entered a bailey
  6397 | Bailey   | Found an iron altar of Okawaru.
  7065 | D:8      | Reached XP level 10. HP: 54/68 MP: 13/13
  8019 | D:8      | HP: 2/68 [yak (9)]
  8266 | D:8      | Reached **** piety under Dithmenos
  8640 | D:9      | Reached skill level 5 in Unarmed Combat
  8868 | D:9      | Learned a level 2 spell: Blink
  9022 | D:9      | Found a staircase to the Lair.
  9079 | D:9      | Got the Excursus on the Assassin and the Singularity
  9234 | D:10     | Entered Level 10 of the Dungeon
  9866 | D:10     | Found a burning altar of Makhleb.
  9868 | D:10     | Found a sacrificial altar of Ru.
  9869 | D:10     | Found an iron altar of Okawaru.
  9869 | D:10     | Found a shimmering blue altar of Sif Muna.
  9870 | D:10     | Found an ancient bone altar of Kikubaaqudgha.
  9870 | D:10     | Found a broken altar of Ashenzari.
  9871 | D:10     | Found a radiant altar of Vehumet.
  9976 | D:10     | Found a bloodstained altar of Trog.
 10213 | D:11     | Reached XP level 11. HP: 74/74 MP: 14/14
 10354 | D:11     | Killed from afar by a vampire

Illustrated notes

Levels and vault maps discovered:
D:1:      scummos_arrival_checkerplants, layout_rooms
D:2:      kennysheep_the_goblin_king, layout_loops_ring, uniq_terence
D:3:      layout_loops_ring, nicolae_yredelemnul_corpse_copse,
          mainiacjoe_overflow_paths, mainiacjoe_overflow_two_lobes,
          ebering_ecumenical_altar_ruins, nrook_loot_triangle,
          grunt_decor_junction, hangedman_decor_diamond_cutter
D:4:      layout_basic, minmay_temple_entry_butterflies, uniq_sigmund,
          uniq_ijyb, uniq_duvessa
D:5:      layout_gridville, lemuel_tele_altar
D:6:      layout_cave_pools, nicolae_gozag_cash_rules_everything_around_me,
          lightli_sewer_entry_pipes, minmay_misc_feat_iff, feat_on_display
D:7:      layout_loops_ring
D:8:      layout_cave_pods, enter_bailey_3
D:9:      layout_roguey, erik_lair_dragon
D:10:     layout_roguey, trog_hazing_becter, grunt_temple_overflow_open
D:11:     layout_basic

Skill      XL: |  1  2  3  4  5  6  7  8  9 10 |
---------------+-------------------------------+-----
Stealth        | 1 2 3 4 5 6 8 |  8.5
Unarmed Combat | 1 2 3 4 5 |  5.7
Long Blades    | 3 4 6 7 8 |  8.8
Invocations    | 1 2 3 4 |  4.7
Dodging        | 4 5 6 |  6.8
Fighting       | 4 5 6 |  6.8
Shields        | 4 5 6 |  6.6

Action                     |  1- 3 |  4- 6 |  7- 9 | 10-12 || total
---------------------------+-------+-------+-------+-------++-------
  Melee: Long sword        |    50 |   129 |   318 |   212 ||   709
         Constrict         |    14 |    29 |    81 |    32 ||   156
         Tentacles         |    10 |    22 |    83 |    59 ||   174
         Punch             |       |     2 |    17 |    19 ||    38
         Dagger            |       |       |       |     4 ||     4
  Throw: Dart              |       |       |     1 |    39 ||    40
         Boomerang         |       |       |       |     2 ||     2
  Evoke: Wand              |       |       |     2 |     3 ||     5
    Use: Potion            |       |     6 |       |     1 ||     7
         Scroll            |       |     2 |     9 |     4 ||    15
   Stab: Sleeping          |     7 |    15 |    22 |    10 ||    54
         Paralysed         |       |       |       |     2 ||     2
 Armour: Skin              |     2 |    55 |    81 |    47 ||   185
  Dodge: Dodged            |    22 |    73 |   253 |   126 ||   474
  Block: Buckler           |    12 |    35 |   130 |   109 ||   286
         Reflection        |       |       |     5 |       ||     5

Table legend: (Time is in decaauts)
 A = Elapsed time spent in this place.
 B = Non-inter-level travel time spent in this place.
 C = Inter-level travel time spent in this place.
 D = Time resting spent in this place.
 E = Time spent auto-exploring this place.
 F = Levels seen in this place.
 G = Mean time per level.
                   A        B        C        D        E       F      G
               +--------+--------+--------+--------+--------+-----+--------+
         Total |  10471 |  10117 |    354 |    930 |   6640 |  13 |  805.5 |
       Dungeon |   9934 |   9580 |    354 |    930 |   6360 |  11 |  903.1 |
         Sewer |    325 |    325 |      0 |      0 |    214 |   1 |  325.0 |
        Bailey |    211 |    211 |      0 |      0 |     66 |   1 |  211.0 |
               +--------+--------+--------+--------+--------+-----+--------+

Top non-repeatable levels by time:
     D:8: 1671 daAuts
     D:7: 1350 daAuts
     D:9: 1013 daAuts
     D:4: 994 daAuts
     D:3: 900 daAuts
     D:5: 877 daAuts
    D:10: 858 daAuts
     D:2: 855 daAuts
     D:6: 744 daAuts
     D:1: 407 daAuts
   Sewer: 325 daAuts
    D:11: 260 daAuts
  Bailey: 211 daAuts
